Match 40899324
Unlisted
Match 40899324
End
Vickers Machine Gun Team
Construct Section Command Post
Selects Canadian Shock Battlegroup
ML 3-inch Mortar Team
Infantry Section
Infantry Section
Selects Attacking Spirit
Selects Canadian Shock Section
Canadian Shock Section
Construct Platoon Command Post
Infantry Training
Selects Incendiary Munitions
6-pounder Anti-tank Gun Team
Grenade Package
Selects Pyrotechnics
Construct Company Command Post
Canadian Shock Section
Unlock Bishop Self-propelled Artillery
Selects Churchill Crocodile Heavy Tank
Churchill Crocodile Heavy Tank
Foot Guards Section
Unlock Towed 17-pounder Anti-tank Guns
Royal Engineer Section
17-pounder Anti-tank Gun Team
Foot Guards Section
Team Weapon Training
Armored Vehicle Training
Selects Point Assault
Churchill Crocodile Heavy Tank
Canadian Shock Section
Point Assault
Imperiale
SchnellSchuh5000
Bananenratte
AзИз BoP ЧёPнЫx ПpИoP
PATRIOT228
Aprosarmosto
0
0
Comments sign in to comment!
No comments posted yet!